 Dungeon Crawl Stone Soup version 0.24.0-123-gd5b16e6ec5 (webtiles) character file.

Game seed: 7939812892018008656, levelgen mode: deterministic

47035 TwoFeet the Black Sun (level 14, -3/97 HPs)
             Began as a Vampire Necromancer on Dec 28, 2019.
             Was a High Priest of Kikubaaqudgha.
             Slain by a troll (8 damage)
             ... on level 1 of the Orcish Mines.
             The game lasted 03:39:28 (32014 turns).

TwoFeet the Black Sun (Vampire Necromancer)        Turns: 32014, Time: 03:39:29

Health: -3/97      AC: 13    Str:  4    XL:     14   Next: 7%
Magic:  10/24      EV: 15    Int: 25    God:    Kikubaaqudgha [*****.]
Gold:   1126       SH:  5    Dex: 14    Spells: 4/27 levels left

rFire    . . .     SeeInvis +   R - +10 long sword of Bewkes {flame, rN++ MR+ Str-4}
rCold    . . .     Gourm    .   (no shield)
rNeg     + + .     Faith    .   c - +1 acid dragon scales
rPois    .         Spirit   .   u - +2 helmet {Int+3}
rElec    .         Reflect  +   x - +0 cloak
rCorr    +         Harm     .   w - +0 pair of gloves
MR       +++..                  J - +0 pair of boots
Stlth    ++........             v - +5 amulet of reflection
HPRegen  0.46/turn              p - ring of wizardry
MPRegen  0.19/turn              n - ring of protection from magic

@: regenerating quickly
A: no food, fangs 3, see invisible, frail 1, unbreathing
a: Exsanguinate, Receive Corpses, Torment, Renounce Religion


You were on level 1 of the Orcish Mines.
You worshipped Kikubaaqudgha.
Kikubaaqudgha was extremely pleased with you.
You were alive.

You visited 4 branches of the dungeon, and saw 23 of its levels.

You collected 1516 gold pieces.
You spent 390 gold pieces at shops.

Inventory:

Hand Weapons
 b - the +3 mace "Detijug" {vamp, rC+ Int+5}
   (You found it on level 6 of the Dungeon)

   It inflicts no extra harm, but heals its wielder when it wounds a living foe.
   It affects your intelligence (+5).
   It protects you from cold.
 l - a +0 rapier of freezing
 m - a +1 short sword of electrocution
 G - a +1 short sword of draining
 R - the +10 long sword of Bewkes (weapon) {flame, rN++ MR+ Str-4}
   (You found it on level 8 of the Dungeon)

   It has been specially enchanted to burn those struck by it, causing extra
   injury to most foes and up to half again as much damage against particularly
   susceptible opponents.
   Big, fiery blades are also staple armaments of hydra-hunters.
   It affects your strength (-4).
   It greatly protects you from negative energy.
   It affects your resistance to hostile enchantments.
 X - the +9 quarterstaff "Teirph" {flame, Int+2, unknown}
   (You found it on level 3 of the Lair of Beasts)

   It has been specially enchanted to burn those struck by it, causing extra
   injury to most foes and up to half again as much damage against particularly
   susceptible opponents.
   It affects your intelligence (+2).
 Z - a +0 hunting sling
Missiles
 k - a throwing net
 r - 43 poisoned darts (quivered)
 C - 3 curare-tipped darts
 P - 34 boomerangs
Armour
 c - +1 acid dragon scales (worn)
 u - a +2 helmet of intelligence (worn)
 w - a +0 pair of gloves (worn)
 x - a +0 cloak (worn)
 J - a +0 pair of boots (worn)
 U - a +0 robe
 W - the +0 shield "Macemum" {+Blink rC+}
   (You found it on level 14 of the Dungeon)

   It protects you from cold.
   It lets you blink.
Magical Staves
 a - an uncursed staff of power
Jewellery
 h - an uncursed ring of ice {unknown}
 n - a ring of protection from magic (right hand)
 p - a ring of wizardry (left hand)
 s - a cursed ring of teleportation {unknown}
 v - a +5 amulet of reflection (around neck)
Wands
 y - a wand of iceblast (17)
 A - a wand of paralysis (13)
 B - a wand of acid (8)
 L - a wand of polymorph (14)
 Q - a wand of digging (4)
 S - a wand of enslavement (15)
Scrolls
 g - 2 scrolls of teleportation
 q - a scroll of magic mapping
 I - 3 scrolls of remove curse
 T - a scroll of amnesia
Potions
 d - a potion of mutation
 e - 2 potions of cancellation
 j - 3 potions of agility
 o - 2 potions of berserk rage
 t - 2 potions of brilliance
 z - 4 potions of flight
 D - 2 potions of curing
 E - 2 potions of lignification
 F - 3 potions of might


   Skills:
 + Level 9.3 Fighting
 - Level 2.8(4.0) Short Blades
 - Level 4.0(4.4) Long Blades
 - Level 2.1 Armour
 - Level 10.7 Dodging
 - Level 4.4 Stealth
 - Level 3.8 Shields
 - Level 7.0 Spellcasting
 - Level 9.3 Hexes
 * Level 16.6 Necromancy
 + Level 1.1 Translocations
 + Level 4.6 Ice Magic


You had 4 spell levels left.
You knew the following spells:

 Your Spells              Type           Power        Failure   Level  Hunger
a - Pain                  Necr           ####         0%          1    N/A
b - Animate Skeleton      Necr           N/A          0%          1    N/A
c - Animate Dead          Necr           N/A          1%          4    N/A
d - Vampiric Draining     Necr           #######...   1%          3    N/A
e - Confuse               Hex            ######..     1%          3    N/A
f - Tukima's Dance        Hex            ######..     1%          3    N/A
g - Blink                 Tloc           N/A          6%          2    N/A
h - Simulacrum            Ice/Necr       ######....   12%         6    N/A

Your spell library contained the following spells:

 Spells                   Type           Power        Failure   Level  Hunger
 Corona                   Hex            ######.      1%          1    N/A
 Corpse Rot               Necr           N/A          1%          2    N/A
 Ensorcelled Hibernation  Hex/Ice        #####.       1%          2    N/A
 Slow                     Hex            ######..     1%          2    N/A
 Sublimation of Blood     Necr           #######...   1%          2    N/A
 Regeneration             Chrm/Necr      ######....   1%          3    N/A
 Dazzling Spray           Conj/Hex       ####..       2%          3    N/A
 Apportation              Tloc           ##....       4%          1    N/A
 Magic Dart               Conj           #...         6%          1    N/A
 Sandblast                Erth           #.....       6%          1    N/A
 Summon Butterflies       Summ           #.......     6%          1    N/A
 Call Imp                 Summ           #.......     10%         2    N/A
 Passwall                 Tmut/Erth      #.......     10%         2    N/A
 Lesser Beckoning         Tloc           ##........   12%         3    N/A
 Conjure Flame            Conj/Fire      #.......     19%         3    N/A
 Mephitic Cloud           Conj/Pois/Air  #.......     19%         3    N/A
 Stone Arrow              Conj/Erth      #.....       19%         3    N/A
 Petrify                  Tmut/Erth      #.......     50%         4    N/A
 Dispel Undead            Necr           #######.     1%          5    N/A
 Death Channel            Necr           #######...   1%          6    N/A
 Excruciating Wounds      Chrm/Necr      ######....   6%          5    N/A
 Invisibility             Hex            ######..     21%         6    N/A
 Alistair's Intoxication  Tmut/Pois      #.......     83%         5    N/A
 Bolt of Magma            Conj/Fire/Erth #.........   83%         5    N/A
 Iskenderun's Battlesphe  Conj/Chrm      #.......     83%         5    N/A
 Lee's Rapid Deconstruct  Erth           #.........   83%         5    N/A
 Venom Bolt               Conj/Pois      #.........   83%         5    N/A
 Iron Shot                Conj/Erth      #.........   100%        6    N/A
 Orb of Destruction       Conj           #.........   100%        7    N/A
 Spellforged Servitor     Conj/Summ      #.........   100%        7    N/A

Dungeon Overview and Level Annotations

Branches:
Dungeon (14/15)            Temple (1/1) D:4            Lair (6/6) D:9
  Snake (0/4) Lair:4        Slime (0/5) Lair:5          Orc (2/2) D:12
    Elf (0/3) Orc:2
  Swamp: Lair:2-4    Shoals: Lair:2-4    Vaults: D:13-14

Altars:
Ashenzari
Cheibriados
Dithmenos
Elyvilon
Fedhas
Gozag
Hepliaklqana
Kikubaaqudgha
Makhleb
Nemelex Xobeh
Okawaru
Qazlal
Ru
Sif Muna
Trog
Uskayaw
Vehumet
Wu Jian
Xom
Yredelemnul
Zin
The Shining One
Beogh

Shops:
D:5 =   Orc:2 !

Annotations:
D:4 exclusion: door
D:5 1 exclusion
D:7 exclusion: zombie
D:12 Jorgrun
D:14 4 runed translucent doors
Lair:2 1 exclusion
Lair:3 1 exclusion, Fannar
Lair:6 1 runed translucent door
Orc:2 Saint Roka


Innate Abilities, Weirdness & Mutations

You do not eat.
Your natural rate of healing is unusually fast.
You have razor-sharp teeth.
You have supernaturally acute eyesight. (SInv)
You can survive without breathing.
You are frail. (-10% HP)


Message History

Beogh smites you!
* * * LOW HITPOINT WARNING * * *
Your cyclops simulacrum closely misses the troll.
You feel better.
Your orc simulacrum closely misses the troll. x2
The troll barely misses you.
You riposte.
You barely miss the troll. The troll closely misses you.
The troll completely misses you.
The orc priest mumbles some strange prayers to Beogh against you.
Beogh smites you!
* * * LOW HITPOINT WARNING * * *
The orc hits your cyclops simulacrum with a +0 falchion.
You feel better.
Your orc simulacrum closely misses the troll. x3
Your orc simulacrum hits the troll.
Your orc simulacrum freezes the troll.
The orc priest invokes the aid of Beogh against you.
Beogh smites you!
* * * LOW HITPOINT WARNING * * *
The troll bites you!
You die...
Kikubaaqudgha rasps: "You have failed me!
Welcome... death!"

....####
....#.##
......#
.....#
....#
###...#
##oZZZ.#
#.oZT@.#
.....)..Z##
.#......##
###....#
.......
........
..o......
..###.....


You could see a troll, 2 orc priests, an orc, 4 friendly orc simulacra and a
friendly cyclops simulacrum.

Vanquished Creatures
  An orc warlord (Orc:2)
  6 hydras
  A centaur warrior (D:13)
  A two-headed ogre (D:10)
  4 tengu warriors
  An orc high priest (Orc:2)
  A lindwurm (Lair:5)
  A sea snake (shapeshifter) (D:14)
  2 orc knights
  2 ugly things
  A deep elf mage (D:12)
  3 manticores
  2 cyclopes (Orc:2)
  2 black mambas
  Maurice (D:12)
  3 elephants
  2 gargoyles
  8 spiny frogs
  A kobold demonologist (D:12)
  A rime drake (Lair:5)
  4 komodo dragons
  An efreet (D:13)
  4 trolls
  A polar bear (Lair:6)
  2 tyrant leeches (Lair:3)
  6 blink frogs
  Prince Ribbit (D:9)
  5 hippogriffs
  7 dream sheep
  A dancing weapon (D:10)
  A shadow (D:11)
  A vampire (D:14)
  23 yaks
  3 basilisks
  A hungry ghost (D:10)
  Eustachio (D:6)
  2 wargs (Orc:2)
  A naga (Lair:4)
  3 acid dragons
  9 water moccasins
  6 porcupines
  20 orc warriors
  3 sky beasts
  2 ice beasts (D:9)
  3 necrophages
  A phantom (D:14)
  5 wolves
  6 ogres
  19 centaurs
  An eye of draining (D:13)
  11 crocodiles
  3 big kobolds
  12 bullfrogs
  3 scorpions
  2 killer bees (D:7)
  4 howler monkeys
  A vampire bat (D:3)
  8 wights
  2 crimson imps
  4 centaur zombies
  2 bullfrog zombies
  6 hounds
  3 jellies (Lair:5)
  13 orc priests
  30 orc wizards
  4 bullfrog skeletons
  3 centaur skeletons
  5 iguanas
  11 worker ants
  A hound zombie (D:6)
  Robin (D:3)
  12 adders
  5 river rats (D:3)
  A shadow imp (D:13)
  An ooze (D:2)
  An adder zombie (D:6)
  6 worms
  2 dart slugs
  3 fire bats (D:3)
  8 leopard geckos
  73 orcs
  A spectral bat (D:3)
  2 bat skeletons (D:3)
  A bat zombie (D:3)
  5 giant cockroaches
  12 goblins
  7 hobgoblins
  9 jackals
  5 quokkas
  2 ball pythons
  14 bats
  A bat simulacrum (D:3)
  10 frilled lizards
  18 kobolds
  2 leopard gecko skeletons (D:4)
  A quokka zombie (D:8)
  12 rats
  A fungus (Lair:5)
531 creatures vanquished.

Vanquished Creatures (collateral kills)
  2 hydras (Lair:6)
  An orc high priest (Orc:2)
  A wolf spider zombie (D:12)
  A lindwurm (Lair:6)
  An orc sorcerer (Orc:2)
  A spiny frog (Lair:5)
  A rime drake (Lair:6)
  A komodo dragon (Lair:4)
  A troll (D:12)
  A hornet (Lair:6)
  5 blink frogs (Lair:6)
  2 tyrant leeches
  3 dream sheep (Lair:6)
  A wyvern (D:13)
  A shadow (D:13)
  A basilisk (Lair:4)
  6 yaks
  A warg (Orc:2)
  2 nagas (Lair:4)
  2 water moccasins
  3 porcupines
  7 orc warriors
  An ogre (Orc:2)
  A wolf (Lair:1)
  A big kobold (D:12)
  3 bullfrogs
  2 killer bees (D:7)
  A howler monkey (D:7)
  A jelly (D:8)
  4 orc priests
  A hound (D:5)
  4 orc wizards
  A bullfrog skeleton (D:9)
  Ijyb (D:3)
  A worker ant (D:9)
  A worker ant zombie (D:5)
  An ooze (Lair:5)
  15 orcs
  A spectral bat (D:3)
  A bat skeleton (D:3)
  2 jackals (D:7)
  4 kobolds
  A quokka (D:7)
  A jackal skeleton (D:8)
  2 fungi (Lair:6)
  3 plants
99 creatures vanquished.

Vanquished Creatures (others)
  A hydra (Lair:5)
  An orc warrior (Orc:2)
  A centaur (D:12)
  A kobold (D:10)
  3 bushes (Lair:6)
  12 fungi
  18 plants
37 creatures vanquished.

Grand Total: 667 creatures vanquished

Notes
Turn   | Place    | Note
-------+----------+-------------------------------------------
     0 | D:1      | TwoFeet the Vampire Necromancer began the quest for the
                  | Orb.
     0 | D:1      | Reached XP level 1. HP: 13/13 MP: 3/3
     2 | D:1      | Learned a level 1 spell: Animate Skeleton
   516 | D:1      | Reached XP level 2. HP: 11/20 MP: 1/5
   708 | D:2      | Found a shadowy altar of Dithmenos.
   862 | D:2      | Reached skill level 5 in Necromancy
   885 | D:2      | Reached skill level 1 in Fighting
  1063 | D:2      | You fall into a shaft and drop 2 floors!
  1067 | D:4      | Reached XP level 3. HP: 25/26 MP: 2/6
  1408 | D:3      | Reached XP level 4. HP: 33/33 MP: 4/7
  1592 | D:3      | Noticed Robin
  1655 | D:3      | Killed Robin
  1661 | D:3      | Reached skill level 6 in Necromancy
  1748 | D:3      | Learned a level 4 spell: Animate Dead
  2151 | D:2      | Reached XP level 5. HP: 34/38 MP: 1/8
  2413 | D:2      | Found a glowing golden altar of the Shining One.
  2413 | D:2      | Found a sacrificial altar of Ru.
  3483 | D:3      | Reached XP level 6. HP: 46/46 MP: 7/9
  3488 | D:3      | Learned a level 3 spell: Vampiric Draining
  3490 | D:3      | Noticed Ijyb
  3914 | D:3      | Killed Ijyb
  4112 | D:3      | Reached skill level 7 in Necromancy
  4749 | D:4      | Found a staircase to the Ecumenical Temple.
  4755 | Temple   | Entered the Ecumenical Temple
  5071 | D:5      | Entered Level 5 of the Dungeon
  5393 | D:5      | Found Ackeywo's Jewellery Shop.
  5560 | D:5      | Reached XP level 7. HP: 37/52 MP: 11/11
  6403 | D:6      | Got a warped mace
  6406 | D:6      | Identified the +3 mace "Detijug" {vamp, rC+ Int+5} (You
                  | found it on level 6 of the Dungeon)
  6611 | D:6      | Reached skill level 8 in Necromancy
  6619 | D:6      | Noticed Eustachio
  6638 | D:6      | Killed Eustachio
  6831 | D:6      | Reached XP level 8. HP: 57/60 MP: 5/12
  7237 | D:6      | Reached skill level 9 in Necromancy
  7637 | D:7      | Found a white marble altar of Elyvilon.
  7792 | D:7      | Found a glowing golden altar of the Shining One.
  7901 | D:7      | Learned a level 3 spell: Confuse
  7975 | D:7      | Found a glowing silver altar of Zin.
  8072 | D:7      | Reached skill level 1 in Hexes
  8174 | D:7      | Found a stormy altar of Qazlal.
  8188 | D:7      | Found a shimmering altar of Xom.
  8506 | D:7      | Reached skill level 5 in Fighting
  8702 | D:7      | Reached skill level 10 in Necromancy
  8813 | D:7      | Reached XP level 9. HP: 68/68 MP: 13/15
  9057 | D:8      | Found an ancient bone altar of Kikubaaqudgha.
  9072 | D:8      | Became a worshipper of Kikubaaqudgha
  9433 | D:8      | Got a polished long sword
  9440 | D:8      | Identified the +10 long sword of Bewkes {flame, rN++ MR+
                  | Str-4} (You found it on level 8 of the Dungeon)
 10164 | D:9      | Learned a level 3 spell: Tukima's Dance
 10660 | D:9      | Reached * piety under Kikubaaqudgha
 10660 | D:9      | Identified Kikubaaqudgha's Compendium of Black Arts
                  | (Kikubaaqudgha gifted it to you on level 9 of the Dungeon)
 10660 | D:9      | Received a gift from Kikubaaqudgha
 10790 | D:9      | Noticed a fire dragon
 10815 | D:9      | Reached skill level 5 in Dodging
 10824 | D:9      | Reached skill level 11 in Necromancy
 10826 | D:9      | Reached skill level 5 in Hexes
 10950 | D:9      | Found a staircase to the Lair.
 10967 | D:9      | Noticed Prince Ribbit
 11159 | D:9      | Learned a level 2 spell: Blink
 11577 | D:9      | Killed Prince Ribbit
 11871 | D:9      | Reached XP level 10. HP: 64/67 MP: 17/17
 12001 | Lair:1   | Entered Level 1 of the Lair of Beasts
 12052 | Lair:1   | Found a snail-covered altar of Cheibriados.
 12095 | Lair:1   | Reached skill level 5 in Spellcasting
 12383 | Lair:1   | Reached skill level 1 in Long Blades
 12491 | Lair:1   | Noticed a six-headed hydra
 12617 | Lair:1   | Noticed a seven-headed hydra
 12735 | D:9      | Reached skill level 12 in Necromancy
 12761 | D:9      | Reached ** piety under Kikubaaqudgha
 12836 | D:10     | Entered Level 10 of the Dungeon
 13007 | D:10     | Noticed a two-headed ogre
 13044 | D:10     | Killed a two-headed ogre
 13188 | D:10     | Noticed a five-headed hydra
 13503 | D:9      | Learned a level 2 spell: Ensorcelled Hibernation
 14499 | D:5      | Bought an uncursed ring of wizardry for 390 gold pieces
 14812 | Lair:2   | Noticed a spiny frog
 14822 | Lair:2   | Killed a spiny frog
 14832 | Lair:2   | Reached XP level 11. HP: 31/83 MP: 8/18
 15296 | D:11     | Reached skill level 1 in Armour
 15371 | D:11     | Reached *** piety under Kikubaaqudgha
 15371 | D:11     | Identified Kikubaaqudgha's Collected Works on Evil
                  | (Kikubaaqudgha gifted it to you on level 11 of the Dungeon)
 15371 | D:11     | Received a gift from Kikubaaqudgha
 16565 | D:12     | Noticed Jorgrun
 16804 | D:12     | Noticed a deep elf mage
 16816 | D:12     | Killed a deep elf mage
 16928 | D:12     | Noticed Maurice
 16928 | D:12     | Noticed a red ugly thing
 17043 | D:11     | Killed a red ugly thing
 17450 | D:12     | Killed Maurice
 17450 | D:12     | Reached **** piety under Kikubaaqudgha
 17653 | D:12     | Reached skill level 10 in Dodging
 17658 | D:12     | Found a staircase to the Orcish Mines.
 17686 | Orc:1    | Entered Level 1 of the Orcish Mines
 17816 | Orc:2    | Entered Level 2 of the Orcish Mines
 18025 | Orc:2    | Found a staircase to the Elven Halls.
 18026 | Orc:2    | Reached ***** piety under Kikubaaqudgha
 18042 | Orc:2    | Found a roughly hewn altar of Beogh.
 18099 | Orc:2    | Reached XP level 12. HP: 88/92 MP: 12/21
 18104 | Orc:2    | Found a roughly hewn altar of Beogh.
 18129 | Orc:2    | Found Qysoif's Distillery.
 18465 | Orc:2    | Found a roughly hewn altar of Beogh.
 18520 | Orc:2    | Found a roughly hewn altar of Beogh.
 18544 | Orc:2    | Noticed an orc warlord
 18911 | D:13     | Noticed a centaur warrior
 18926 | D:13     | Killed a centaur warrior
 18926 | D:13     | Reached skill level 13 in Necromancy
 19088 | D:13     | Noticed a vault guard
 19100 | D:13     | Noticed a vault guard
 19607 | D:13     | Noticed a tengu warrior
 19609 | D:13     | Noticed a tengu warrior
 19613 | D:13     | You fall into a shaft and drop 1 floor!
 19655 | D:14     | Got a smoking shield
 19698 | D:14     | Identified the cursed +0 shield "Macemum" {+Blink rC+} (You
                  | found it on level 14 of the Dungeon)
 20261 | D:14     | Killed a tengu warrior
 20319 | D:13     | Killed a tengu warrior
 20319 | D:13     | Reached skill level 14 in Necromancy
 20510 | D:13     | Noticed a tengu warrior
 20517 | D:13     | Noticed a vault guard
 20546 | D:13     | Noticed a tengu warrior
 20969 | D:14     | Noticed an ogre mage
 21017 | D:14     | Found a huge runed translucent gate.
 21017 | D:14     | Found a huge runed translucent gate.
 21017 | D:14     | Found a huge runed translucent gate.
 21017 | D:14     | Found a huge runed translucent gate.
 21078 | D:13     | Reached skill level 1 in Shields
 21092 | D:13     | Killed a tengu warrior
 21103 | D:13     | Killed a tengu warrior
 21797 | D:10     | Killed a two-headed hydra
 22264 | Lair:1   | Killed a one-headed hydra
 22318 | Lair:1   | Killed a one-headed hydra
 22508 | Lair:1   | Noticed a six-headed hydra
 22618 | Lair:1   | Killed a one-headed hydra
 22618 | Lair:1   | Reached skill level 15 in Necromancy
 22618 | Lair:1   | Reached XP level 13. HP: 85/99 MP: 20/23
 23057 | Lair:2   | Reached skill level 1 in Short Blades
 23603 | Lair:3   | Got a crystal quarterstaff
 23674 | Lair:3   | Found a dark tunnel.
 23958 | Lair:3   | Noticed Fannar
 24966 | Lair:4   | Learned a level 6 spell: Simulacrum
 25232 | Lair:4   | Found a staircase to the Snake Pit.
 25332 | Lair:4   | Reached skill level 1 in Ice Magic
 26466 | Lair:5   | Found a staircase to the Slime Pits.
 27712 | Lair:6   | Entered Level 6 of the Lair of Beasts
 27878 | Lair:5   | Reached skill level 16 in Necromancy
 28447 | Orc:2    | Killed an orc warlord
 29078 | Orc:2    | Gained mutation: You are frail. (-10% HP) [a neqoxec]
 30231 | Lair:6   | Found a runed translucent door.
 30829 | Lair:6   | Reached XP level 14. HP: 68/97 MP: 24/24
 31926 | Orc:2    | Reached skill level 1 in Translocations
 31991 | Orc:2    | Noticed Saint Roka
 32014 | Orc:1    | Slain by a troll

Levels and vault maps discovered:
D:1:      tarquinn_simple_flora_water_a, layout_basic, solitary_fountain,
          hangedman_decor_clover_reticule
D:2:      layout_rooms, grunt_dithmenos_smoke, gammafunk_temple_overflow_statue,
          kennysheep_cross_bottleneck, roderic_serpentine_path,
          minmay_increasing_density
D:3:      layout_loops_ring, first_ration, lightli_sewer_entry_pipes,
          goddamned_bats, uniq_ijyb, uniq_robin
D:4:      layout_basic, minmay_temple_entry_enclosed_plants
D:5:      layout_loops_ring, serial_shops, shop_statue
D:6:      layout_loops_ring, minmay_fountain_box, nicolae_zen_rock_garden,
          uniq_eustachio
D:7:      layout_cave_pods, overflow_temple_1_default, minitemple,
          lemuel_coloured_pillars_altar, tso_metal_star
D:8:      layout_rooms, kiku_gazebo_pond_becter, kennysheep_generic_room_14
D:9:      layout_stronghold, minmay_lair_entry_lava, uniq_prince_ribbit1
D:10:     layout_rooms
D:11:     layout_small_grid
D:12:     layout_rooms, orc_0_dummy, serial_curves, eino_curves_02,
          eino_curves_04, uniq_jorgrun, uniq_maurice
D:13:     layout_loops_ring, lightli_vaults_fourway_checkpoint, grunt_livestock
D:14:     lemuel_bear_cage, layout_rooms, lemuel_altar_in_water,
          kennysheep_inner_square, uniq_kirke
Temple:   dpeg_chambers_temple
Lair:1:   layout_misc_corridors, basic_altar, gauntlet_entry_generic,
          beast_lair_carwin_6
Lair:2:   dragon1_lemuel, layout_regular_city, lemuel_fruit_fields,
          lemuel_fruit_tree
Lair:3:   layout_hall_layers, minmay_swamp_entry_worms,
          nicolae_volcano_entry_hallway, lemuel_centaur_altar, uniq_fannar
Lair:4:   layout_regular_city, minmay_snake_entry_guardpost_small, st_stairs_9,
          infiniplex_staircase_pool, grunt_megastairs_3
Lair:5:   layout_loops_ring, nicolae_slime_entry_slimehenge
Lair:6:   hangedman_lair_in_review, layout_small_grid, wormcave, minivault_23
Orc:1:    layout_diamond_mine, enter_bailey_6
Orc:2:    grunt_orc_community_town_hall, layout_caves,
          grunt_orc_community_big_house_1, grunt_orc_community_big_house_2,
          grunt_orc_community_house_2, grunt_orc_community_house_1,
          grunt_orc_community_house_1, grunt_orc_community_house_2,
          grunt_orc_community_house_3

Skill      XL: |  1  2  3  4  5  6  7  8  9 10 11 12 13 14 |
---------------+-------------------------------------------+-----
Necromancy     | 5 6 7 8 10 11 12 15 16 | 16.6
Fighting       | 1 2 3 4 5 6 7 8 9 |  9.3
Dodging        | 3 4 5 8 10 | 10.7
Spellcasting   | 3 4 5 6 7 |  7.0
Hexes          | 2 5 6 9 |  9.3
Long Blades    | 2 4 |  4.0
Stealth        | 4 |  4.4
Armour         | 1 2 |  2.1
Shields        | 2 3 |  3.8
Short Blades   | 2 |  2.8
Ice Magic      | 4 |  4.6
Translocations | 1 |  1.1

Action                   |  1- 3 |  4- 6 |  7- 9 | 10-12 | 13-15 || total
-------------------------+-------+-------+-------+-------+-------++-------
Melee: Unarmed           |    19 |       |       |       |       ||    19
       Bite              |     3 |     4 |    10 |    78 |    50 ||   145
       Short sword       |     2 |    56 |       |       |       ||    58
       Staff             |       |    30 |    29 |    15 |     3 ||    77
       Mace              |       |       |    52 |    43 |       ||    95
       Quarterstaff      |       |       |     1 |       |       ||     1
       Long sword        |       |       |    12 |   743 |   530 ||  1285
Throw: Dart              |       |    23 |       |    25 |    37 ||    85
       Boomerang         |       |       |       |     8 |       ||     8
 Cast: Pain              |    42 |   147 |   295 |    47 |       ||   531
       Animate Dead      |       |     2 |    32 |    53 |    25 ||   112
       Animate Skeleton  |       |     4 |       |       |       ||     4
       Vampiric Draining |       |       |     6 |    11 |     3 ||    20
       Confuse           |       |       |     1 |   139 |   156 ||   296
       Tukima's Dance    |       |       |     1 |     6 |       ||     7
       Ensorcelled Hiber |       |       |       |     4 |       ||     4
       Simulacrum        |       |       |       |       |    28 ||    28
       Blink             |       |       |       |       |     2 ||     2
Invok: Receive Corpses   |       |       |       |     2 |     5 ||     7
 Abil: Exsanguinate      |       |       |     2 |     1 |       ||     3
       Revivify          |       |       |     1 |     1 |       ||     2
       Evoke Blink       |       |       |       |       |     1 ||     1
Evoke: Wand              |       |       |     1 |     2 |     3 ||     6
  Use: Scroll            |       |    11 |     9 |    13 |     9 ||    42
       Potion            |       |       |     3 |     5 |    10 ||    18
 Stab: Sleeping          |     2 |     2 |     1 |     9 |     3 ||    17
       Distracted        |     1 |       |       |     4 |     2 ||     7
       Paralysed         |       |       |     3 |       |       ||     3
       Invisible         |       |       |     1 |       |       ||     1
       Confused          |       |       |       |    65 |    46 ||   111
Armor: Robe              |     8 |    58 |    57 |    52 |       ||   175
       Acid dragon scale |       |       |       |   194 |   173 ||   367
Dodge: Dodged            |    45 |   144 |   167 |   626 |   289 ||  1271
Block: Other             |       |    59 |    58 |   186 |    44 ||   347
       Reflection        |       |       |     3 |    16 |     8 ||    27
       Shield            |       |       |       |    85 |   252 ||   337
       Rpst.: Long sword |       |       |     5 |   157 |    78 ||   240
